 Dungeon Crawl Stone Soup version 0.22-a0-299-g43f9854 (webtiles) character file.

27 grindst0ne the Magician (level 2, 0/23 HPs)
             Began as a Demonspawn Wanderer on Mar 25, 2018.
             Slain by a giant cockroach (2 damage)
             ... on level 2 of the Dungeon.
             The game lasted 00:02:00 (1537 turns).

grindst0ne the Magician (Demonspawn Wanderer)       Turns: 1537, Time: 00:02:00

Health: 0/23       AC:  3    Str: 11    XL:     2   Next: 93%
Magic:  7/7        EV: 10    Int: 13    God:
Gold:   80         SH:  0    Dex: 13    Spells: 9/9 levels left

rFire    . . .     SeeInvis .   l - +0 spear (pierce)
rCold    . . .     Gourm    .   (no shield)
rNeg     . . .     Faith    .   j - +0 leather armour
rPois    .         Spirit   .   (no helmet)
rElec    .         Reflect  .   (no cloak)
rCorr    .         Harm     .   (no gloves)
MR       .....                  (no boots)
Stlth    +.........             (no amulet)
HPRegen  0.07/turn              (no ring)
MPRegen  0.10/turn              (no ring)

@: no status effects
A: hooves 1
a: no special abilities


You were on level 2 of the Dungeon.
You were not hungry.

You visited 1 branch of the dungeon, and saw 2 of its levels.

You collected 80 gold pieces.

Inventory:

Hand Weapons
 e - a +0 dagger
 g - a +0 club
 l - a +0 spear of piercing (weapon)
Armour
 d - a +0 robe
 j - a +0 leather armour (worn)
Scrolls
 b - a scroll of enchant armour {unknown}
 h - 2 scrolls of identify {unknown}
 i - a scroll of remove curse {unknown}
 m - a scroll of teleportation {unknown}
Potions
 a - a potion of ambrosia {unknown}
 c - a potion of curing
Comestibles
 f - a ration


   Skills:
 + Level 2.6 Fighting
   Level 1.0 Bows
 - Level 1.7 Armour
 - Level 1.0 Stealth
   Level 1.0 Shields
 - Level 4.0 Spellcasting
   Level 1.0 Fire Magic


You had 9 spell levels left.
You didn't know any spells.

Dungeon Overview and Level Annotations

Branches:
Dungeon (2/15)

Altars:


Innate Abilities, Weirdness & Mutations

You have large cloven feet.


Message History

You barely miss the giant cockroach.
You kick the giant cockroach, but do no damage.
The giant cockroach barely misses you. x2
You barely miss the giant cockroach. The giant cockroach bites you.
* * * LOW HITPOINT WARNING * * *
You hit the giant cockroach but do no damage.
Your kick misses the giant cockroach. The giant cockroach closely misses you.
Your leather armour prevents you from hitting the giant cockroach.
You kick the giant cockroach, but do no damage.
The giant cockroach bites you.
* * * LOW HITPOINT WARNING * * *
The giant cockroach misses you.
You hit the giant cockroach.
You kick the giant cockroach, but do no damage.
The giant cockroach is heavily wounded.
The giant cockroach misses you.
You hit the giant cockroach.
The giant cockroach is almost dead.
The giant cockroach bites you.
You die...

.#..#####'##
........#..#
##.##.###..##
##..........# #
...##.###.#.# .##
....#.###.#.### ....
......##......#####...##
....##........#.........
....##..........@s.>....
...........w..#.........
..............###.#...#.
..............# .# ....
######........# .# .#.
#........# .# #
##.####### .. #.# ## ###
#.#


You could see a worm and a giant cockroach.

Vanquished Creatures
  An adder (D:2)
  A dart slug (D:2)
  A goblin (D:1)
  3 hobgoblins (D:1)
  5 bats (D:1)
  A frilled lizard (D:2)
  2 kobolds
  3 rats
17 creatures vanquished.

Notes
Turn   | Place    | Note
-------+----------+-------------------------------------------
     0 | D:1      | grindst0ne the Demonspawn Wanderer began the quest for the Orb.
     0 | D:1      | grindst0ne set off with: a potion of curing, a +0 robe, a +0 dagger, a ration
     0 | D:1      | Reached XP level 1. HP: 13/13 MP: 5/5
   162 | D:1      | Reached skill level 1 in Fighting
   558 | D:1      | Gained mutation: You have large cloven feet. [demonic ancestry]
   558 | D:1      | Reached XP level 2. HP: 2/22 MP: 7/7
  1537 | D:2      | Slain by a giant cockroach

Vault maps used:
D:1:      dpeg_arrival_chase
D:2:      regret_index_temple_of_mockery, first_ration, led_sif_pool

Skill      XL: |  1  2 |
---------------+-------+-----
Fighting       | 1 2 |  2.6
Bows           | |  1.0
Armour         | |  1.7
Stealth        | |  1.0
Shields        | |  1.0
Spellcasting   | |  4.0
Fire Magic     | |  1.0

Action                   || total
-------------------------++-------
Melee: Club              ||    35
       Dagger            ||    11
       Spear             ||    33
       Kick              ||     8
 Stab: Distracted        ||     1
  Eat: Chunk             ||     2
Armor: Robe              ||    14
       Leather armour    ||    19
Dodge: Dodged            ||    67

Table legend:
 A = Spawn XP
 B = Non-spawn XP
 C = Spawn XP percentage of total XP
 D = Spawn monster count
 E = Non-spawn monster count
 F = Spawn count percentage of total count
 G = Total turns spent on level
                    A         B        C        D         E        F      G
               +---------+---------+-------+---------+---------+-------+---------
         Total |       0 |      39 |   0.0 |       0 |      17 |   0.0 |  1537
               +---------+---------+-------+---------+---------+-------+---------
           D:1 |       0 |      18 |   0.0 |       0 |      12 |   0.0 |  1181
           D:2 |       0 |      21 |   0.0 |       0 |       5 |   0.0 |   356
               +---------+---------+-------+---------+---------+-------+---------
